Map: Abiogenesis LE

Players

Spazymazy

  • Race: Zerg Zerg
  • Spawn Location: 11:00

DeMusliM - Winner!

  • Race: Terran Terran
  • Spawn Location: 5:00

Event: WCS Leipzig 2018

VOD

Have the link to the VOD?

Description

Time

  • Played on: Jan. 26, 2018, 9:41 a.m.
  • Length: 3:48

All games in this series

Show
View Real Time Build Order
Export as new Build Order

Spazymazy Zerg 

Build Orders: Hatch First, Zergling Baneling 

Get SALT Encoding   

  12  0:00  Drone  
  13  0:12  Overlord  
  13  0:16  Drone  
  14  0:30  Drone x2  
  16  0:49  Hatchery  
  15  0:51  Drone  
  16  1:06  Spawning Pool  
  16  1:10  Drone  
  16  1:12  Extractor  
  16  1:15  Drone  
  16  1:19  Drone  
  16  1:23  Drone  
  18  1:31  Drone  
  19  1:42  Overlord  
  19  1:54  Queen  
  19  1:55  Zergling x2  
  19  2:01  Queen  
  22  2:07  Zergling x2  
  22  2:08  Baneling Nest  
  24  2:16  Zergling x4  
  24  2:22  Overlord  
  26  2:26  Zergling x2  
  26  2:34  Zergling x4  
  28  2:40  Zergling x2  
  29  2:51  Baneling x6  
  29  2:52  Zergling x2  
  29  2:58  Zergling x4  
  25  3:13  Zergling x4  
  25  3:14  Zergling x2  
  25  3:21  Zergling x2  
  25  3:22  Zergling x2  
  25  3:24  Baneling x3  
  25  3:25  Baneling  
Show
View Real Time Build Order
Export as new Build Order

DeMusliM Terran - Winner!

Build Orders:  

Get SALT Encoding   

  12  0:00  SCV  
  13  0:12  SCV  
  14  0:19  Supply Depot  
  14  0:25  SCV  
  15  0:41  Barracks  
  15  0:45  SCV  
  16  0:55  Barracks  
  16  0:59  SCV  
  17  1:11  SCV  
  18  1:12  Refinery  
  19  1:27  Marine  
  19  1:31  Orbital Command  
  19  1:43  Bunker, Marine  
  19  1:45  Marine  
  21  1:52  Bunker, Supply Depot  
  21  1:56  SCV  
  21  2:01  Marine  
  23  2:13  SCV, Marine  
  25  2:20  Factory  
  25  2:24  Marine  
  25  2:27  SCV  
  27  2:31  Marine  
  27  2:34  Bunker  
  28  2:39  SCV  
  28  2:42  Marine  
  30  2:49  Supply Depot, Marine  
  31  3:10  SCV  
  32  3:18  Bunker, Marine x2  
  32  3:20  Starport, Factory Reactor  
  32  3:23  SCV  
  32  3:24  Refinery  
  32  3:26  Supply Depot  
  33  3:32  Bunker  
  33  3:35  SCV  
Tags
 
Add a new tag
Caveats
  • Supply blocks, unpowered buildings, or Contaminate may cause inaccurate times.
  • Supply counts are checked every 10 seconds.